 Dungeon Crawl Stone Soup version 0.29-a0-360-g8ed1089bbe (webtiles) character file.

Game seed: 15299181893753202265

39 Iusername the Skirmisher (level 3, -3/29 HPs)
             Began as a Human Fighter on Apr 28, 2022.
             Killed by divine providence
             ... invoked by an orc priest
              (15 damage)
             ... on level 4 of the Dungeon.
             The game lasted 00:01:50 (955 turns).

Iusername the Skirmisher (Human Fighter)             Turns: 955, Time: 00:01:50

Health: -3/29      AC:  6    Str: 18    XL:     3   Next: 67%
Magic:  3/3        EV:  9    Int:  8    God:
Gold:   53         SH:  0    Dex: 12    Spells: 2/2 levels left

rFire   . . .      SeeInvis .   a - +0 long sword
rCold   . . .      Faith    .   c - +0 buckler
rNeg    . . .      Spirit   .   b - +0 scale mail
rPois   .          Reflect  .   (no helmet)
rElec   .          Harm     .   (no cloak)
rCorr   .          Rampage  .   (no gloves)
Will    .....                   (no boots)
Stlth   ..........              (no amulet)
HPRegen 0.09/turn               j - +4 ring of slaying
MPRegen 0.08/turn               (no ring)

@: confused, mighty
A: no striking features
a: no special abilities


You were on level 4 of the Dungeon.
You visited 1 branch of the dungeon, and saw 3 of its levels.

You collected 53 gold pieces.

Inventory:

Hand Weapons
 a - a +0 long sword (weapon)
Armour
 b - a +0 scale mail (worn)
 c - a +0 buckler (worn)
Jewellery
 j - a +4 ring of slaying (left hand)
Scrolls
 e - a scroll of enchant weapon {unknown}
 g - 2 scrolls of identify {unknown}
 k - a scroll of magic mapping {unknown}
 n - a scroll of noise {unknown}
Potions
 f - a potion of resistance {unknown}
 h - 5 potions of curing {unknown}
 i - a potion of invisibility {unknown}
 l - a potion of berserk rage {unknown}
 m - a potion of attraction {unknown}


   Skills:
 + Level 3.5 Fighting
 + Level 2.3 Long Blades
 + Level 3.4 Armour
 + Level 0.3 Dodging
 + Level 3.2 Shields


You had 2 spell levels left.
You didn't know any spells.
Your spell library was empty.

Dungeon Overview and Level Annotations

Branches:
Dungeon (2/15)             Temple (0/1) D:4

Altars:

Shops:
D:1 (


Message History

No target in view!
No target in view!
Found a stone staircase leading down.
No target in view!
Found a hand crossbow.
Found a buckler.
Found 11 gold pieces.
You now have 42 gold pieces (gained 10).
There is a stone staircase leading down here.
You see here a +0 buckler.
You now have 53 gold pieces (gained 11).
You see here a +0 buckler.
Found a staircase to the Ecumenical Temple.
An orc comes into view. It is wielding a +0 flail.
The orc shouts!
You hear a shout! x2
An orc comes into view. It is wielding a +0 hand axe.
An orc wizard comes into view. It is wielding a +0 dagger.
The orc wizard shouts!
An orc priest comes into view. It is wielding a +0 hand axe.
An orc comes into view. It is wielding a +0 hand axe.
The orc wizard casts a spell.
The orc wizard flickers and vanishes!
Deactivating autopickup; reactivate with Ctrl-A.
The orc attacks as you move away! The orc hits you with a +0 flail.
The orc attacks as you move away! The orc hits you with a +0 flail.
You block the orc's attack. The orc attacks as you move away!
The orc hits you with a +0 flail. The orc attacks as you move away!
The orc hits you with a +0 flail.
You are confused.
You bump into the stone wall.
A ball python comes into view.
The orc hits you but does no damage.
There is a staircase to the Ecumenical Temple here.
You're too confused to aim your attacks!
You're too confused to aim your attacks!
You feel very mighty all of a sudden.
The orc priest calls down the wrath of Beogh upon you.
Beogh smites you!
Ouch! That really hurt!
You die...

....... .S..o... ## #......
.# ###.... .##
.......##..## .. #
...PoP...#..#..#
#..####.##..#.....#
....P#..o#P..### .......
#....@.o.....#
#..........P#...#P...##
#.......##..##.##...##
.......## #..P.P..###
........####........#
...........###......###
#...........#.##...###
.......).....†.....#.##
#....###.............######


You could see an orc priest and 3 orcs.

Vanquished Creatures
  2 adders (D:2)
  A worm (D:2)
  2 dart slugs
  4 ball pythons
  An endoplasm (D:1)
  A hobgoblin (D:1)
  A quokka (D:1)
  A bat (D:2)
  2 goblins
  A kobold (D:1)
  A rat (D:1)
17 creatures vanquished.

Notes
Turn   | Place    | Note
-------+----------+-------------------------------------------
     0 | D:1      | Iusername the Human Fighter began the quest for the Orb.
     0 | D:1      | Reached XP level 1. HP: 18/18 MP: 1/1
   231 | D:1      | Reached XP level 2. HP: 16/24 MP: 2/2
   490 | D:1      | Found Ytroung's Antique Weapon Boutique.
   784 | D:2      | Reached XP level 3. HP: 29/29 MP: 3/3
   878 | D:2      | You fall into a shaft and drop 2 floors!
   934 | D:4      | Found a staircase to the Ecumenical Temple.
   955 | D:4      | Killed from afar by an orc priest

Illustrated notes

Levels and vault maps discovered:
D:1:      dpeg_arrival_refuge, layout_basic, serial_shops, shop_fountains
D:2:      layout_loops_cross, basic_ecumenical_altar
D:4:      layout_cave_pools, minmay_temple_entry_gardened_gates,
          uniq_crazy_yiuf_cottage

Action                   || total
-------------------------++-------
Melee: Long sword        ||    42
  Use: Potion            ||     1
Armor: Scale mail        ||    20
Dodge: Dodged            ||    14
Block: Buckler           ||    15

Table legend: (Time is in decaauts)
 A = Elapsed time spent in this place.
 B = Non-inter-level travel time spent in this place.
 C = Inter-level travel time spent in this place.
 D = Time resting spent in this place.
 E = Time spent auto-exploring this place.
 F = Levels seen in this place.
 G = Mean time per level.
                   A        B        C        D        E       F      G
               +--------+--------+--------+--------+--------+-----+--------+
         Total |    968 |    943 |     25 |      0 |    758 |   3 |  322.7 |
       Dungeon |    968 |    943 |     25 |      0 |    758 |   3 |  322.7 |
               +--------+--------+--------+--------+--------+-----+--------+

Top non-repeatable levels by time:
     D:1: 769 daAuts
     D:2: 121 daAuts
     D:4: 77 daAuts
